[Event "8th Amsterdam Summer Open-A 2018"]
[Site "Amsterdam"]
[Date "2018.07.14"]
[Round "8"]
[White "Romkes, Abel"]
[Black "Vroombout, Enrico"]
[Result "1/2-1/2"]
[ECO "C06"]
[WhiteElo "2018"]
[BlackElo "2132"]
[Annotator "NA"]
[PlyCount "77"]
[EventDate "2018.07.07"]
[EventType "swiss"]
[EventCountry "NED"]
[SourceTitle "playchess.com"]
[Source "ChessBase"]
[SourceQuality "1"]
[TimeControl "40/5400+30:1800+30"]

1. e4 e6 2. d4 d5 3. Nd2 Nf6 4. e5 Nfd7 5. Bd3 c5 6. c3 Nc6 7. Ne2 cxd4 8. cxd4 f6 9. exf6 Nxf6 10. O-O Bd6 11. Nf3 O-O 12. Bf4 Nh5 13. Bxd6 Qxd6 14. Qc2 Nf6 15. a3 Bd7 16. h3 Rac8 17. Qd2 a6 18. Rfe1 $14 Nh5 19. Qe3 Nf4 20. Nxf4 Rxf4 21. g3 Rff8 22. Rac1 h6 23. Bb1 Qe7 24. Qd3 g5 25. Rcd1 Qg7 26. Kg2 Rf6 27. Ne5 Rcf8 28. Rd2 Nxe5 29. Rxe5 Qf7 30. Qe3 Rf3 31. Qe1 Qf6 32. Bc2 Qg7 33. Bd1 R3f6 34. Bg4 Qf7 35. Rde2 Re8 36. R2e3 Rf8 37. Re2 Re8 38. R2e3 Rf8 39. Re2 1/2-1/2

[Event "8th Amsterdam Summer Open-A 2018"]
[Site "Amsterdam"]
[Date "2018.07.15"]
[Round "9"]
[White "Kokje, Joris"]
[Black "Kohler, Aran"]
[Result "1/2-1/2"]
[ECO "E11"]
[WhiteElo "2242"]
[BlackElo "2175"]
[Annotator "NA"]
[PlyCount "51"]
[EventDate "2018.07.07"]
[EventType "swiss"]
[EventCountry "NED"]
[SourceTitle "playchess.com"]
[Source "ChessBase"]
[SourceQuality "1"]
[TimeControl "40/5400+30:1800+30"]

1. d4 Nf6 2. c4 Nc6 3. Nf3 e6 4. g3 Bb4+ 5. Bd2 Qe7 6. Bg2 Ne4 7. O-O Bxd2 {[%emt 0:00:26] E11: Bogo-Indian} (7... Nxd2 8. Nbxd2 O-O 9. Nb3 b6 10. Rc1 Rb8 11. a3 Bd6 12. e4 Qd8 13. e5 Be7 14. d5 Na5 15. Nbd2 {½-½ (54) Danielian,E (2484)-Melia,S (2410) Batumi 2012}) 8. Nbxd2 Nxd2 9. Qxd2 d6 10. b4 e5 11. d5 Nb8 12. Rfc1 $146 ({Predecessor:} 12. e4 Bg4 13. Ne1 Nd7 14. Nd3 g5 15. c5 {1-0 (37) Wurm,A (2156)-Antoniacci,R (1897) Arco 2017}) 12... a5 13. a3 axb4 14. axb4 Rxa1 15. Rxa1 O-O 16. Ra7 h6 17. Qc3 c6 18. Nd2 Qc7 19. dxc6 Nxc6 20. Ra2 Be6 21. e3 Rc8 22. Qa3 Ne7 (22... b5 $5 23. Bd5 bxc4 24. Bxe6 fxe6 25. Nxc4 Nxb4 26. Qxb4 Qxc4 27. Qxc4 Rxc4 $15) 23. Rc2 b5 24. c5 dxc5 25. Rxc5 Qd7 26. Rxc8+ $11 1/2-1/2

[Event "8th Amsterdam Summer Open-A 2018"]
[Site "Amsterdam"]
[Date "2018.07.15"]
[Round "9"]
[White "De Jong, Tom"]
[Black "Frans, Richard"]
[Result "1-0"]
[ECO "A08"]
[WhiteElo "2201"]
[BlackElo "2001"]
[Annotator "NA"]
[PlyCount "75"]
[EventDate "2018.07.07"]
[EventType "swiss"]
[EventCountry "NED"]
[SourceTitle "playchess.com"]
[Source "ChessBase"]
[SourceQuality "1"]
[TimeControl "40/5400+30:1800+30"]

1. e4 e6 2. d3 d5 3. Nd2 c5 4. Ngf3 Nc6 5. g3 Bd6 6. Bg2 Nge7 7. O-O O-O 8. Re1 Qc7 9. c3 Bd7 10. a3 d4 11. cxd4 cxd4 12. Nc4 e5 13. Nh4 b5 14. Nxd6 Qxd6 15. f4 f6 16. Bd2 a5 17. Rc1 Be6 18. Qc2 Rac8 19. Qc5 Qb8 20. fxe5 fxe5 21. Nf5 Nxf5 22. exf5 Nb4 23. Qe7 Rfe8 24. Qg5 Rxc1 25. Rxc1 Nxd3 26. fxe6 Nxc1 27. Bxc1 Qd6 28. Bh3 d3 29. Bd2 Qd4+ 30. Qe3 Qd5 31. Bxa5 e4 32. Bc3 Qh5 33. Qa7 Qg6 34. Bf5 d2 35. Bxg6 d1=Q+ 36. Kg2 Qf3+ 37. Kh3 Qf1+ 38. Kh4 1-0

[Event "8th Amsterdam Summer Open-A 2018"]
[Site "Amsterdam"]
[Date "2018.07.15"]
[Round "9"]
[White "Cornelisse, John"]
[Black "Mesman, Edwyn"]
[Result "1/2-1/2"]
[ECO "E54"]
[WhiteElo "2132"]
[BlackElo "2100"]
[Annotator "NA"]
[PlyCount "26"]
[EventDate "2018.07.07"]
[EventType "swiss"]
[EventCountry "NED"]
[SourceTitle "playchess.com"]
[Source "ChessBase"]
[SourceQuality "1"]
[TimeControl "40/5400+30:1800+30"]

1. d4 Nf6 2. c4 e6 3. Nc3 Bb4 4. e3 O-O 5. Bd3 c5 6. Nf3 d5 7. O-O dxc4 8. Bxc4 cxd4 9. exd4 b6 10. Bg5 Bb7 11. Re1 Nbd7 12. Rc1 Rc8 13. Qb3 Be7 1/2-1/2

[Event "8th Amsterdam Summer Open-A 2018"]
[Site "Amsterdam"]
[Date "2018.07.15"]
[Round "9"]
[White "Vroombout, Enrico"]
[Black "Kossen, Johannes"]
[Result "1-0"]
[ECO "D31"]
[WhiteElo "2132"]
[BlackElo "2095"]
[Annotator "NA"]
[PlyCount "39"]
[EventDate "2018.07.07"]
[EventType "swiss"]
[EventCountry "NED"]
[SourceTitle "playchess.com"]
[Source "ChessBase"]
[SourceQuality "1"]
[TimeControl "40/5400+30:1800+30"]

1. d4 d5 2. c4 c6 3. Nf3 e6 4. Nc3 dxc4 5. Ne5 b5 6. g3 Bb7 7. Bg2 Qc8 8. O-O Nf6 9. b3 b4 10. Na4 c3 11. a3 Nbd7 12. Nc4 c5 13. Bxb7 Qxb7 14. dxc5 a5 15. Bf4 Ne4 16. axb4 axb4 17. Qd4 f6 18. Bd6 e5 19. Qe3 Bxd6 20. Qxe4 1-0

[Event "8th Amsterdam Summer Open-A 2018"]
[Site "Amsterdam"]
[Date "2018.07.15"]
[Round "9"]
[White "Mijnheer, Peter"]
[Black "Prior, Stephen C V"]
[Result "0-1"]
[ECO "C10"]
[WhiteElo "2106"]
[BlackElo "2025"]
[Annotator "NA"]
[PlyCount "94"]
[EventDate "2018.07.07"]
[EventType "swiss"]
[EventCountry "NED"]
[SourceTitle "playchess.com"]
[Source "ChessBase"]
[SourceQuality "1"]
[TimeControl "40/5400+30:1800+30"]

1. e4 e6 2. d4 d5 3. Nd2 dxe4 4. Nxe4 Bd7 5. Nf3 Bc6 6. Bd3 Nd7 7. O-O Ngf6 8. Ned2 Be7 9. Re1 O-O 10. Ne5 Nxe5 11. dxe5 Nd7 12. Qh5 g6 13. Qg4 Re8 14. Nb3 Nc5 15. Nxc5 Bxc5 16. Be3 Bxe3 17. Rxe3 Qe7 18. Qf4 Rad8 19. Rae1 Rd7 20. Rh3 Qf8 21. Qg5 Rd4 22. f4 Red8 23. Rh6 Rxd3 24. cxd3 Rxd3 25. f5 Qc5+ 26. Kh1 Qf2 27. Rg1 Qxf5 28. Qxf5 exf5 29. Rh4 Re3 30. Rd4 Rxe5 31. Rd2 Re3 32. Rc1 f4 33. Kg1 Kg7 34. Kf2 Re6 35. Rc4 g5 36. b4 a6 37. Rc5 h6 38. a4 Bxa4 39. Rxc7 Bc6 40. h4 g4 41. g3 fxg3+ 42. Kxg3 h5 43. Kf4 Kg6 44. Rd8 Re4+ 45. Kg3 Rxb4 46. Rg8+ Kf6 47. Rh8 Rb3+ 0-1

[Event "8th Amsterdam Summer Open-A 2018"]
[Site "Amsterdam"]
[Date "2018.07.15"]
[Round "9"]
[White "Brouwer, Rein"]
[Black "Theulings, Paul-Peter"]
[Result "1/2-1/2"]
[ECO "E18"]
[WhiteElo "2062"]
[BlackElo "2088"]
[Annotator "NA"]
[PlyCount "31"]
[EventDate "2018.07.07"]
[EventType "swiss"]
[EventCountry "NED"]
[SourceTitle "playchess.com"]
[Source "ChessBase"]
[SourceQuality "1"]
[TimeControl "40/5400+30:1800+30"]

1. d4 Nf6 2. c4 e6 3. g3 d5 4. Nf3 Be7 5. Bg2 O-O 6. O-O b6 7. Nc3 Bb7 8. cxd5 exd5 9. Bf4 Na6 10. Rc1 c5 11. dxc5 Nxc5 12. Nb5 Ne6 13. Be5 Qd7 14. Nc7 Rac8 15. Bh3 Bd6 16. Bxd6 1/2-1/2

[Event "8th Amsterdam Summer Open-A 2018"]
[Site "Amsterdam"]
[Date "2018.07.15"]
[Round "9"]
[White "Hoekstra, Peter"]
[Black "Floor, Dirk"]
[Result "0-1"]
[ECO "B01"]
[WhiteElo "2031"]
[BlackElo "2196"]
[Annotator "NA"]
[PlyCount "44"]
[EventDate "2018.07.07"]
[EventType "swiss"]
[EventCountry "NED"]
[SourceTitle "playchess.com"]
[Source "ChessBase"]
[SourceQuality "1"]
[TimeControl "40/5400+30:1800+30"]

1. e4 d5 2. exd5 Qxd5 3. Nc3 Qa5 4. Nf3 Nf6 5. b4 Qxb4 6. Rb1 Qd6 7. Bc4 c6 8. O-O e6 9. d4 Be7 10. Ne5 O-O 11. Bf4 Qd8 12. Qf3 Nbd7 13. Rfd1 Nb6 14. Bd3 Nbd5 15. Nxd5 Nxd5 16. Qe4 f5 17. Qf3 Nc3 18. Nxc6 bxc6 19. Qxc6 Nxd1 20. Qxa8 Qxd4 21. Qf3 Nc3 22. Rb3 Nd5 0-1